 Dungeon Crawl Stone Soup version 0.30.0-29-ga12c61a403 (webtiles) character file.

Game seed: 10307819749624550663

136791 Peloso the Warrior (level 16, 0/152 HPs)
             Began as a Minotaur Fighter on June 11, 2023.
             Was a High Priest of Okawaru.
             Slain by a merfolk
             ... wielding a +1 trident of protection
              (20 damage)
             ... on level 1 of the Shoals.
             The game lasted 01:14:51 (23679 turns).

Peloso the Warrior (Minotaur Fighter)              Turns: 23679, Time: 01:14:51

Health: 0/152      AC: 30    Str: 32    XL:     16   Next: 67%
Magic:  5/7        EV: 15    Int:  5    God:    Okawaru [*****.]
Gold:   2075       SH: 16    Dex: 15    Spells: 15/15 levels left

rFire   + . .        a - +9 double sword (elec)
rCold   + + +        d - +0 kite shield
rNeg    + + .        o - +2 plate armour {rF+}
rPois   +            V - +0 hat of Xogixaph {rC+ rN+}
rElec   +            M - +1 cloak "Temong" {Rampage *Corrode rC+ Regen+}
rCorr   +            K - +1 pair of gloves of the Jabberwock {rPois rN+ Will+ MP-9}
SInv    .            O - +2 pair of boots of Contentment {rElec Regen+ rCorr}
Will    +++..        T - amulet of regeneration Stlth
                     v - +6 ring of strength
HPRegen 2.85/turn    x - ring of Yngeyraax {rC+ Will+ Dex+2}
MPRegen 0.10/turn

%: corrode self (3%), rampage
@: heroic, studying Ice Magic
A: horns 2, retaliatory headbutt
a: Renounce Religion, Heroism, Finesse, Duel


You were on level 1 of the Shoals.
You worshipped Okawaru.
Okawaru was extremely pleased with you.
You visited 6 branches of the dungeon, and saw 25 of its levels.
You also visited: Gauntlet, Ice Cave and Volcano.

You collected 2552 gold pieces.
You spent 477 gold pieces at shops.

Inventory:

Hand Weapons
 a - a +9 double sword of electrocution (weapon)
 b - the +7 falchion of Abita {freeze, rCorr}
   (You bought it in a shop on level 2 of the Orcish Mines)

   rCorr:     It protects you from acid and corrosion.
 c - the +11 trident of Hubris {flame, Str+4}
   (You took it off an orc on level 6 of the Dungeon)

   Str:       It affects your strength (+4).
 l - the +10 zealot's sword {holy, Zealotry, *Rage rN+ EV+3}
   (You found it on level 5 of the Lair of Beasts)

   Zealotry:  Whenever the wielder enters a berserk rage, their allies are
   berserked alongside them.
   EV:        It affects your evasion (+3).
   rN:        It protects you from negative energy.
   *Rage:     It berserks you when you make melee attacks (+20% chance).
Armour
 d - a +0 kite shield (worn)
 o - a +2 plate armour of fire resistance (worn)
 z - +1 ice dragon scales
 B - the +3 crown of Dyrovepreva {rElec Int+2 SInv}
   (You found it on level 9 of the Dungeon)

   Int:       It affects your intelligence (+2).
   rElec:     It insulates you from electricity.
   SInv:      It lets you see invisible.
 K - the +1 pair of gloves of the Jabberwock (worn) {rPois rN+ Will+ MP-9}
   (Okawaru gifted it to you on level 9 of the Dungeon)

   rPois:     It protects you from poison.
   rN:        It protects you from negative energy.
   MP:        It affects your magic capacity (-9).
   Will:      It increases your willpower.
 M - the +1 cloak "Temong" (worn) {Rampage *Corrode rC+ Regen+}
   (Okawaru gifted it to you on level 11 of the Dungeon)

   rC:        It protects you from cold.
   Regen:     It increases your rate of health regeneration.
   *Corrode:  It may corrode you when you take damage.
   Rampage:   It bestows one free step when moving towards enemies.
 O - the +2 pair of boots of Contentment (worn) {rElec Regen+ rCorr}
   (Okawaru gifted it to you on level 3 of the Lair of Beasts)

   rElec:     It insulates you from electricity.
   Regen:     It increases your rate of health regeneration.
   rCorr:     It protects you from acid and corrosion.
 R - the +1 hat "Cuihuil" {Will+}
   (Okawaru gifted it to you on level 1 of the Orcish Mines)

   Will:      It increases your willpower.
 V - the +0 hat of Xogixaph (worn) {rC+ rN+}
   (You found it on level 2 of the Lair of Beasts)

   rC:        It protects you from cold.
   rN:        It protects you from negative energy.
 Y - a +2 chain mail of willpower
Jewellery
 v - a +6 ring of strength (left hand)
 x - the ring of Yngeyraax (right hand) {rC+ Will+ Dex+2}
   (You found it in an ice cave)

   [ring of protection from cold]

   Dex:       It affects your dexterity (+2).
   rC:        It protects you from cold.
   Will:      It increases your willpower.
 D - a +6 ring of dexterity
 T - an amulet of regeneration (around neck)
Wands
 h - a wand of flame (18)
 n - a wand of roots (3)
 s - a wand of digging (4)
 w - a wand of mindburst (6)
Scrolls
 e - 3 scrolls of blinking
 i - 3 scrolls of poison
 k - 11 scrolls of teleportation
 m - 2 scrolls of identify
 p - 2 scrolls of immolation
 u - a scroll of enchant weapon
 L - 4 scrolls of fear
Potions
 f - 8 potions of might
 g - 2 potions of magic
 j - 4 potions of heal wounds
 q - 11 potions of curing
 r - 6 potions of haste
 t - 2 potions of brilliance
 C - 5 potions of invisibility
 F - 5 potions of flight
 H - 3 potions of berserk rage
Miscellaneous
 y - a piece from Xom's chessboard (15/15)


   Skills:
 + Level 16.5(21.5) Fighting
 + Level 14.7(19.7) Long Blades
 + Level 5.7(10.7) Maces & Flails
 + Level 16.1(21.1) Polearms
 + Level 15.0(20.0) Armour
 + Level 8.2(13.2) Dodging
 + Level 4.8(9.8) Stealth
 + Level 16.1(21.1) Shields
 + Level 2.5 Invocations
 + Level 1.0 Evocations


You had 15 spell levels left.
You didn't know any spells.
Your spell library contained the following spells:

 Spells                   Type           Power      Damage    Failure   Level
 Apportation              Tloc           0%         N/A       93%         1
 Magic Dart               Conj           0%         1d3       93%         1
 Necrotise                Necr           0%         1d4       93%         1
 Slow                     Hex            0%         N/A       93%         1
 Blink                    Tloc           0%         N/A       98%         2
 Cigotuvi's Dreadful Rot  Necr/Pois/Air  0%         N/A       98%         2
 Ensorcelled Hibernation  Hex/Ice        0%         N/A       98%         2
 Lesser Beckoning         Tloc           0%         N/A       98%         2
 Momentum Strike          Conj/Tloc      0%         3d8       98%         2
 Passwall                 Tmut/Erth      0%         N/A       98%         2
 Confusing Touch          Hex            0%         N/A       100%        3
 Frozen Ramparts          Ice            0%         1d1       100%        3
 Ignite Poison            Fire/Tmut/Pois 0%         N/A       100%        3
 Mephitic Cloud           Conj/Pois/Air  0%         N/A       100%        3
 Swiftness                Air            0%         N/A       100%        3
 Vampiric Draining        Necr           0%         2d6       100%        3
 Ice Form                 Ice/Tmut       0%         N/A       100%        4
 Petrify                  Tmut/Erth      0%         N/A       100%        4
 Blade Hands              Tmut           0%         N/A       100%        5
 Freezing Cloud           Conj/Ice/Air   0%         6-21      100%        5
 Metabolic Englaciation   Hex/Ice        0%         N/A       100%        5
 Iron Shot                Conj/Erth      0%         9d1       100%        6
 Statue Form              Tmut/Erth      0%         N/A       100%        6
 Summon Small Mammal      Summ           Unusable   N/A       N/A         1
 Call Imp                 Summ           Unusable   N/A       N/A         2
 Animate Armour           Summ/Erth      Unusable   N/A       N/A         4
 Summon Ice Beast         Ice/Summ       Unusable   N/A       N/A         4

Dungeon Overview and Level Annotations

Branches:
Dungeon (15/15)            Temple (1/1) D:5            Lair (5/5) D:11
 Shoals (1/4) Lair:3       Spider (1/4) Lair:2        Slime (0/5) Lair:4
    Orc (2/2) D:9             Elf (0/3) Orc:2        Vaults (0/5) D:14
 Depths (0/4) D:15          IceCv (visited)         Volcano (visited)
Gauntlet (visited)

Altars:
Ashenzari
Cheibriados
Dithmenos
Elyvilon
Fedhas
Gozag
Hepliaklqana
Kikubaaqudgha
Makhleb
Nemelex Xobeh
Okawaru
Qazlal
Ru
Sif Muna
Trog
Uskayaw
Vehumet
Wu Jian
Xom
Yredelemnul
Zin
The Shining One

Shops:
Orc:2 :*((**

Annotations:
Lair:1 Casa


Innate Abilities, Weirdness & Mutations

You have a pair of horns on your head.
You reflexively headbutt those who attack you in melee.


Message History

You gain the combat prowess of a mighty hero.
You feel sick.
The harpy screeches!
You hear a screech!
You hear a shout!
The harpy claws you! You block the harpy's attack. x2
The harpy claws you but does no damage. The skyshark misses you.
The skyshark tail-slaps you but does no damage.
You block the skyshark's attack.
The wind drake bites you but does no damage.
The merfolk hits you from afar with a +0 spear.
You block the merfolk's attack. The merfolk barely misses you.
The skyshark closely misses you. The skyshark tail-slaps you.
You block the skyshark's attack.
You closely miss the skyshark.
The skyshark is severely wounded.
You block the wind drake's attack. You block the merfolk's attack. x2
The merfolk barely misses you. The skyshark bites you!
* * * LOW HITPOINT WARNING * * *
The skyshark tail-slaps you but does no damage. x2
The merfolk hits you but does no damage. x2
You barely miss the skyshark.
The skyshark is severely wounded.
You feel sick.
You are no longer poisoned.
The wind drake flaps its wings at you. The air twists around and strikes you!
* * * LOW HITPOINT WARNING * * *
You block the harpy's attack. x2
The merfolk hits you but does no damage.
The skyshark barely misses you. You block the skyshark's attack.
The skyshark tail-slaps you!
* * * LOW HITPOINT WARNING * * *
You block the merfolk's attack.
You closely miss the skyshark. You headbutt the skyshark.
The skyshark is severely wounded.
The harpy claws you but does no damage. You block the harpy's attack. x2
The harpy barely misses you.
The merfolk hits you but does no damage.
The wind drake misses you. The merfolk misses you.
The merfolk hits you from afar with a +1 trident of protection!!
You die...

~~~....~.~~....
~~~~...~...~....
≈~~~....~~..~....
≈≈~~.............
≈≈~~~......#..~..
≈≈~~~~......).~..
≈≈~~~..m.m...$...
≈~~......k...~...
≈~~.....@lm~~~~..
~..###...m~~~~..
#mHHH~~~~~.
.....~~~~~.
.....(~~~~..
~~.~~~~~~~~..
~.~~~~~~~~~..#
~~~~~~≈≈≈~~...
≈≈~~~≈≈≈≈≈≈~~~


You could see a skyshark (berserk), a wind drake (repels missiles), 5 merfolk
and 3 harpies.

Vanquished Creatures
  Rupert (D:13)
  Mlioglotl (Lair:3)
  An Ice Fiend (IceCv)
  Kirke (Lair:3)
  An azure jelly (Spider:1)
  2 emperor scorpions (Spider:1)
  A minotaur (Gauntlet)
  A dire elephant (D:15)
  Snorg (Orc:1)
  The ghost of SuvarnaParana the Severer, a journeyman MiBe of Trog (D:13)
  Fannar (Orc:1)
  7 hydras
  A caustic shrike simulacrum (IceCv)
  3 catoblepae
  The ghost of lordsyng the Executioner, a journeyman MiBe of Trog (Orc:2)
  6 boulder beetles
  A jorogumo (Spider:1)
  2 ogre magi
  An anaconda (Lair:5)
  5 death yaks (Lair:5)
  6 centaur warriors
  The ghost of Haraddelas the Transmogrifier, a journeyman OpTm of Okawaru (Lair:2)
  2 death knights
  14 two-headed ogres
  A deep troll shaman (Lair:5)
  Erica (D:10)
  4 orc high priests (Orc:2)
  Urug (D:12)
  A hell knight (Volcano)
  A deep elf knight (D:14)
  Amaemon (Lair:3)
  A pharaoh ant (Spider:1)
  A sun moth (Spider:1)
  A bog body (IceCv)
  4 orb spiders (Spider:1)
  10 spriggan simulacra (IceCv)
  A lindwurm (Lair:5)
  An obsidian statue (IceCv)
  2 steelbarb worms (Spider:1)
  A necromancer (Gauntlet)
  3 orc knights
  A deep elf pyromancer (D:14)
  7 wolf spiders (Spider:1)
  A deep elf zephyrmancer (D:14)
  A manticore (Shoals:1)
  15 ugly things
  2 orc sorcerers (Orc:2)
  A moth of wrath (Spider:1)
  7 cyclopes
  11 elephants
  Maurice (D:8)
  A salamander (D:15)
  2 black mambas
  Joseph (D:8)
  A guardian serpent (shapeshifter) (D:13)
  4 gargoyles
  3 torpor snails
  A demonic crawler (Spider:1)
  An unseen horror (D:11)
  Psyche (D:8)
  6 rime drakes
  14 cane toads
  An orange demon (Lair:3)
  9 freezing wraiths
  8 komodo dragons
  A tengu conjurer (D:15)
  An efreet (D:15)
  A kobold demonologist (D:13)
  4 anaconda simulacra (IceCv)
  A golden dragon simulacrum (IceCv)
  9 ice devils (IceCv)
  A merfolk (D:15)
  4 meliai
  3 polar bears
  A hornet (D:15)
  8 trolls
  7 tarantellas (Spider:1)
  22 blink frogs
  9 jumping spiders (Spider:1)
  5 culicivoras (Spider:1)
  6 wraiths
  31 slime creatures
  32 yaks
  A vampire (D:11)
  A yak (shapeshifter) (Spider:1)
  A hog (shapeshifter) (D:15)
  7 wyverns
  A shadow (D:13)
  7 hogs (Lair:3)
  Eustachio (D:4)
  6 basilisks
  8 minotaur simulacra (IceCv)
  7 vampire mosquitoes
  A death yak simulacrum (Lair:2)
  A steam dragon (D:8)
  7 redbacks (Spider:1)
  2 harpy simulacra (IceCv)
  18 water moccasins
  4 wargs
  An acid dragon (D:11)
  25 orc warriors
  3 ice beasts
  An ice beast (shapeshifter) (D:13)
  2 alligator simulacra (IceCv)
  A sky beast (D:8)
  4 black bears
  An ettin simulacrum (IceCv)
  2 ogres (D:14)
  24 wolves
  25 centaurs
  A phantom (D:6)
  12 bullfrogs
  A gnoll sergeant (D:6)
  3 scorpions
  8 deep troll simulacra (IceCv)
  6 killer bees (Lair:2)
  8 howler monkeys
  5 hounds
  25 orc priests
  A gnoll bouda (D:6)
  3 water moccasin simulacra (Lair:2)
  5 jellies
  2 sleepcaps (D:5)
  6 hell rats (Lair:5)
  5 iguanas
  28 orc wizards
  A polar bear simulacrum (Lair:2)
  A yak simulacrum (Lair:2)
  4 gnolls
  13 adders
  A shadow imp (D:8)
  2 white imps
  An ufetubus (D:6)
  A worm (D:3)
  2 dart slugs
  64 orcs
  4 bats
  8 endoplasms
  A giant cockroach (D:1)
  8 goblins
  11 hobgoblins
  9 kobolds
  4 quokkas
  A ball python (D:2)
  9 frilled lizards
  5 rats
774 creatures vanquished.

Vanquished Creatures (others)
  A tarantella (Spider:1)
  An orc wizard (Orc:1)
  2 starspawn tentacles (Lair:3)
4 creatures vanquished.

Grand Total: 778 creatures vanquished

Notes
Turn   | Place    | Note
-------+----------+-------------------------------------------
     0 | D:1      | Peloso the Minotaur Fighter began the quest for the Orb.
     0 | D:1      | Reached XP level 1. HP: 19/19 MP: 0/0
   196 | D:1      | Reached XP level 2. HP: 27/27 MP: 1/1
   418 | D:1      | Reached XP level 3. HP: 33/33 MP: 2/2
  1377 | D:2      | Found a glowing silver altar of Zin.
  1612 | D:2      | Reached XP level 4. HP: 41/41 MP: 3/3
  1969 | D:3      | Found a sparkling altar of Nemelex Xobeh.
  2019 | D:3      | Found a shimmering altar of Xom.
  2020 | D:3      | Found a radiant altar of Vehumet.
  2314 | D:3      | Found an ancient bone altar of Kikubaaqudgha.
  2531 | D:4      | Identified the +8 whip of Exhibitionism {drain, +Blink rC+}
  2626 | D:4      | Reached skill level 1 in Dodging
  2626 | D:4      | Reached XP level 5. HP: 47/47 MP: 4/4
  2633 | D:4      | Found a shadowy altar of Dithmenos.
  2656 | D:4      | Noticed a black bear
  2665 | D:4      | Killed a black bear
  2666 | D:4      | Reached skill level 5 in Long Blades
  2666 | D:4      | Found a broken altar of Ashenzari.
  2800 | D:4      | Noticed Eustachio
  2807 | D:4      | Killed Eustachio
  2808 | D:4      | Reached skill level 1 in Maces & Flails
  2808 | D:4      | Reached skill level 5 in Armour
  2808 | D:4      | Reached XP level 6. HP: 41/53 MP: 5/5
  3232 | D:5      | Entered Level 5 of the Dungeon
  3232 | D:5      | Noticed an ice beast
  3240 | D:5      | Killed an ice beast
  3241 | D:5      | Reached skill level 5 in Fighting
  3241 | D:5      | Reached XP level 7. HP: 61/61 MP: 6/6
  3837 | D:5      | Found a staircase to the Ecumenical Temple.
  3856 | Temple   | Entered the Ecumenical Temple
  3856 | Temple   | Found a transporter.
  3856 | Temple   | Found a transporter.
  3858 | Temple   | Found a transporter.
  3858 | Temple   | Found a transporter.
  3882 | Temple   | Became a worshipper of Warmaster Okawaru
  3920 | D:5      | Found a hide-covered altar of Uskayaw.
  3968 | D:5      | Identified the +4 ring mail "Moriliuf" {rPois}
  4218 | D:6      | Reached skill level 1 in Stealth
  4218 | D:6      | Reached XP level 8. HP: 68/69 MP: 7/7
  4226 | D:6      | Reached skill level 5 in Shields
  4326 | D:6      | Identified the +11 trident of Hubris {flame, Str+4}
  4470 | D:6      | Reached skill level 5 in Maces & Flails
  4470 | D:6      | Reached skill level 1 in Polearms
  4514 | D:6      | Reached * piety under Okawaru
  5034 | D:7      | Found an ornate altar of the Wu Jian Council.
  5156 | D:7      | Reached XP level 9. HP: 77/77 MP: 8/8
  5181 | D:7      | Found a stormy altar of Qazlal.
  5414 | D:8      | Noticed Psyche
  5418 | D:8      | Killed Psyche
  5418 | D:8      | Reached ** piety under Okawaru
  5419 | D:8      | Reached skill level 5 in Polearms
  5430 | D:8      | Noticed Joseph
  5445 | D:8      | Killed Joseph
  5489 | D:8      | Noticed Maurice
  5501 | D:8      | Killed Maurice
  5629 | D:8      | Identified the +0 ring mail of Past Mistakes {Str+5}
  5663 | D:8      | Reached *** piety under Okawaru
  6067 | D:9      | Found a white marble altar of Elyvilon.
  6114 | D:9      | Reached XP level 10. HP: 85/86 MP: 9/9
  6133 | D:9      | Found the +3 crown of Dyrovepreva {rElec Int+2 SInv}
  6150 | D:9      | Noticed a two-headed ogre
  6174 | D:9      | Killed a two-headed ogre
  6276 | D:9      | Noticed a two-headed ogre
  6284 | D:9      | Killed a two-headed ogre
  6284 | D:9      | Reached **** piety under Okawaru
  6285 | D:9      | Reached skill level 1 in Evocations
  6645 | D:9      | Found a staircase to the Orcish Mines.
  6895 | D:9      | Reached ***** piety under Okawaru
  6961 | D:9      | Reached skill level 10 in Polearms
  6976 | D:9      | Identified the +1 pair of gloves of the Jabberwock {rPois
                  | rN+ Will+ MP-9} (Okawaru gifted it to you on level 9 of the
                  | Dungeon)
  6976 | D:9      | Received a gift from Okawaru
  7121 | D:10     | Entered Level 10 of the Dungeon
  7121 | D:10     | Noticed a two-headed ogre
  7124 | D:10     | Killed a two-headed ogre
  7179 | D:10     | Found a sacrificial altar of Ru.
  7383 | D:10     | Noticed Erica
  7389 | D:10     | Killed Erica
  7390 | D:10     | Reached XP level 11. HP: 77/97 MP: 1/10
  7850 | D:10     | Noticed a two-headed ogre
  7853 | D:10     | Killed a two-headed ogre
  7854 | D:10     | Reached skill level 5 in Dodging
  7955 | D:11     | Noticed a brown ugly thing
  7957 | D:11     | Killed a brown ugly thing
  8414 | D:11     | Found a staircase to the Lair.
  8570 | D:11     | Identified the +1 cloak "Temong" {Rampage *Corrode rC+
                  | Regen+} (Okawaru gifted it to you on level 11 of the
                  | Dungeon)
  8570 | D:11     | Received a gift from Okawaru
  8804 | D:11     | Noticed a two-headed ogre
  8814 | D:11     | Killed a two-headed ogre
  8861 | Lair:1   | Entered Level 1 of the Lair of Beasts
  8885 | Lair:1   | Identified the +0 chain mail of Makhleb's Regard {rC- rN+
                  | Dex+3}
  8910 | Lair:1   | Reached skill level 10 in Fighting
  9175 | Lair:1   | Found a dark tunnel.
  9178 | Lair:1   | Reached XP level 12. HP: 77/106 MP: 2/11
  9196 | Volcano  | Entered a volcano
  9452 | Volcano  | Noticed an ogre mage
  9455 | Volcano  | Found a burning altar of Makhleb.
  9456 | Volcano  | Noticed a two-headed ogre
  9459 | Volcano  | Killed a two-headed ogre
  9460 | Volcano  | Noticed a two-headed ogre
  9460 | Volcano  | Noticed a two-headed ogre
  9465 | Volcano  | Killed a two-headed ogre
  9469 | Volcano  | Killed a two-headed ogre
  9476 | Volcano  | Killed an ogre mage
  9697 | Volcano  | Noticed a two-headed ogre
  9697 | Volcano  | Noticed a two-headed ogre
  9700 | Volcano  | Noticed a two-headed ogre
  9701 | Volcano  | Killed a two-headed ogre
  9703 | Volcano  | Killed a two-headed ogre
  9708 | Volcano  | Killed a two-headed ogre
  9871 | Lair:1   | Reached skill level 1 in Invocations
 10327 | Lair:2   | Received a gift from Okawaru
 10434 | Lair:2   | Noticed Haraddelas's ghost (journeyman OpTm)
 10461 | Lair:2   | Found a runed translucent gate.
 10461 | Lair:2   | Found a runed translucent gate.
 10461 | Lair:2   | Found a runed translucent gate.
 10632 | Lair:2   | Reached skill level 10 in Armour
 10714 | Lair:2   | Found a hole to the Spider Nest.
 10781 | Lair:2   | Identified the +2 helmet "Untit" {rElec rN+}
 11142 | Lair:3   | Noticed Amaemon
 11266 | Lair:3   | Killed Amaemon
 11267 | Lair:3   | Reached skill level 10 in Shields
 11319 | Lair:3   | Noticed a seven-headed hydra
 11327 | Lair:3   | Killed a seven-headed hydra
 11328 | Lair:3   | Reached XP level 13. HP: 93/118 MP: 4/13
 11334 | Lair:3   | Reached ****** piety under Okawaru
 11515 | Lair:3   | Found a staircase to the Shoals.
 11703 | Lair:3   | Identified the +2 pair of boots of Contentment {rElec
                  | Regen+ rCorr} (Okawaru gifted it to you on level 3 of the
                  | Lair of Beasts)
 11703 | Lair:3   | Received a gift from Okawaru
 11762 | Lair:3   | Noticed Kirke
 11771 | Lair:3   | Killed Kirke
 12409 | D:12     | Noticed Urug
 12433 | D:12     | Killed Urug
 12880 | Orc:1    | Entered Level 1 of the Orcish Mines
 12888 | Orc:1    | Noticed Snorg
 12897 | Orc:1    | Killed Snorg
 12898 | Orc:1    | Reached skill level 15 in Polearms
 13162 | Orc:2    | Entered Level 2 of the Orcish Mines
 13209 | Orc:2    | Found a staircase to the Elven Halls.
 13341 | Orc:2    | Found a runed translucent gate.
 13342 | Orc:2    | Found a runed translucent gate.
 13342 | Orc:2    | Found an opulent altar of Gozag.
 13343 | Orc:2    | Found a runed translucent gate.
 13344 | Orc:2    | Noticed lordsyng's ghost (journeyman MiBe)
 13345 | Orc:2    | Found Hucurph's Assorted Antiques.
 13534 | Orc:2    | Found Pioxt's Book Boutique.
 13837 | Orc:2    | Found Ynte's Assorted Antiques.
 13837 | Orc:2    | Found Eveec's Antique Weapon Shop.
 13838 | Orc:2    | Found Rium's General Store.
 13842 | Orc:2    | Found Wox Jebb's Weapon Boutique.
 13844 | Orc:2    | Bought a green potion for 17 gold pieces
 13844 | Orc:2    | Bought a fuming coppery potion for 17 gold pieces
 13851 | Orc:2    | Bought a twisted falchion for 240 gold pieces
 13851 | Orc:2    | Identified the +7 falchion of Abita {freeze, rCorr} (You
                  | bought it in a shop on level 2 of the Orcish Mines)
 14060 | Orc:1    | Noticed Fannar
 14103 | Orc:1    | Killed Fannar
 14103 | Orc:1    | Identified the +1 hat "Cuihuil" {Will+} (Okawaru gifted it
                  | to you on level 1 of the Orcish Mines)
 14103 | Orc:1    | Received a gift from Okawaru
 14402 | Orc:2    | Bought a dented bronze amulet for 95 gold pieces
 14477 | Orc:2    | Killed lordsyng's ghost
 14478 | Orc:2    | Reached XP level 14. HP: 124/129 MP: 3/14
 14524 | Orc:2    | Bought 2 scrolls of identify for 108 gold pieces
 14723 | Lair:2   | Killed Haraddelas's ghost
 14742 | Lair:2   | Got the ring "Saurom" {Fire rPois rN+ Int-5 Dex+3}
 14745 | Lair:2   | Identified the +0 hat of Xogixaph {rC+ rN+}
 15678 | D:13     | Noticed Rupert
 15689 | D:13     | Killed Rupert
 16074 | D:13     | Found a runed translucent door.
 16074 | D:13     | Noticed SuvarnaParana's ghost (journeyman MiBe)
 16239 | D:13     | Killed SuvarnaParana's ghost
 16527 | D:14     | Identified the +4 ring mail "Noddiju" {rElec MP+9 Dex-5
                  | Stlth+} (Okawaru gifted it to you on level 14 of the
                  | Dungeon)
 16527 | D:14     | Received a gift from Okawaru
 16892 | D:14     | Found a gate to the Vaults.
 17182 | Lair:4   | Found a gate leading to a gauntlet.
 17216 | Gauntlet | Entered a Gauntlet
 17216 | Gauntlet | Found a large runed translucent door.
 17216 | Gauntlet | Found a large runed translucent door.
 17216 | Gauntlet | Found a large runed translucent door.
 17216 | Gauntlet | Found a large runed translucent door.
 17216 | Gauntlet | Found a large runed translucent door.
 17216 | Gauntlet | Found a large runed translucent door.
 17216 | Gauntlet | Found a large runed translucent door.
 17216 | Gauntlet | Found a large runed translucent door.
 17216 | Gauntlet | Found a runed translucent door.
 17216 | Gauntlet | Found a runed translucent gate.
 17216 | Gauntlet | Found a transporter.
 17216 | Gauntlet | Found a transporter.
 17216 | Gauntlet | Found a runed translucent gate.
 17216 | Gauntlet | Found a transporter.
 17216 | Gauntlet | Found a transporter.
 17221 | Gauntlet | Found a transporter.
 17235 | Gauntlet | Found a transporter.
 17239 | Gauntlet | Found a transporter.
 17241 | Gauntlet | Noticed a quicksilver ooze
 17253 | Gauntlet | Found a transporter.
 17326 | Gauntlet | Found a runed translucent door.
 17327 | Gauntlet | Found a large runed translucent door.
 17327 | Gauntlet | Found a large runed translucent door.
 17327 | Gauntlet | Found a large runed translucent door.
 17327 | Gauntlet | Found a large runed translucent door.
 17328 | Gauntlet | Found a large runed translucent door.
 17328 | Gauntlet | Found a large runed translucent door.
 17329 | Gauntlet | Found a large runed translucent door.
 17329 | Gauntlet | Found a large runed translucent door.
 17339 | Gauntlet | Found a runed translucent gate.
 17345 | Gauntlet | Found a transporter.
 17361 | Gauntlet | Found a transporter.
 17363 | Gauntlet | Found a transporter.
 17383 | Gauntlet | Found a transporter.
 17741 | Gauntlet | Identified a scroll of acquirement
 17741 | Gauntlet | Acquired a +3 double sword of electrocution
 17978 | Lair:4   | Reached XP level 15. HP: 139/139 MP: 6/15
 18124 | Lair:4   | Found a staircase to the Slime Pits.
 18184 | Lair:4   | Received a gift from Okawaru
 19030 | Lair:5   | Entered Level 5 of the Lair of Beasts
 19093 | Lair:4   | Identified the +1 scale mail "Doink" {Regen+ Str+2}
                  | (Okawaru gifted it to you on level 4 of the Lair of Beasts)
 19093 | Lair:4   | Received a gift from Okawaru
 19094 | Lair:4   | Reached skill level 10 in Long Blades
 19150 | Lair:4   | Reached skill level 15 in Fighting
 19972 | Lair:5   | Found the +10 zealot's sword {holy, Zealotry, *Rage rN+
                  | EV+3}
 20448 | D:15     | Entered Level 15 of the Dungeon
 20530 | D:15     | Received a gift from Okawaru
 20640 | D:15     | Reached skill level 15 in Shields
 20818 | D:15     | Found a staircase to the Depths.
 21268 | Spider:1 | Entered Level 1 of the Spider Nest
 21427 | Spider:1 | Reached XP level 16. HP: 96/150 MP: 7/16
 21443 | Spider:1 | Identified the +0 scale mail of the Aged Violins {*Corrode
                  | Will+++ Str-3 SInv} (Okawaru gifted it to you on level 1 of
                  | the Spider Nest)
 21443 | Spider:1 | Received a gift from Okawaru
 21604 | Spider:1 | Found a frozen archway.
 21627 | IceCv    | Entered an ice cave
 22093 | IceCv    | Noticed an Ice Fiend
 22345 | IceCv    | Killed an Ice Fiend
 22495 | IceCv    | Identified the ring of Yngeyraax {rC+ Will+ Dex+2}
 22845 | Spider:1 | Received a gift from Okawaru
 22877 | Spider:1 | Reached skill level 15 in Armour
 23512 | Shoals:1 | Entered Level 1 of the Shoals
 23512 | Shoals:1 | Noticed Mlioglotl
 23514 | Shoals:1 | Noticed a tentacled starspawn
 23535 | Lair:3   | Killed Mlioglotl
 23679 | Shoals:1 | Slain by a merfolk

Illustrated notes

Levels and vault maps discovered:
D:1:      onia_arrival_mini_maze_b, layout_basic, hangedman_abyss_or_decor_stabs
D:2:      layout_loops_ring, basic_altar
D:3:      layout_rooms, mainiacjoe_overflow_six_doors_small,
          nemelex_altar_shiori, mainiacjoe_overflow_catch_the_wave
D:4:      layout_gridville, grunt_dithmenos_smoke_and_mirrors,
          mainiacjoe_overflow_brackets, uniq_eustachio
D:5:      layout_loops_ring, mainiacjoe_overflow_cross_hatched,
          minmay_temple_entry_drinking_statues, palyth_stone_intersect,
          minmay_misc_feat_room, minmay_misc_feat_columns
D:6:      lemuel_ice_spiral_2, layout_basic, nrook_campfire,
          nicolae_eternal_life, kennysheep_generic_room_2
D:7:      layout_cave_pools, mainiacjoe_overflow_tiny_flanked,
          lemuel_round_altar
D:8:      layout_loops_cross, serial_park_tiny_2, uniq_joseph, uniq_maurice,
          uniq_psyche
D:9:      layout_irregular_city, mainiacjoe_overflow_paths, david_orc_4
D:10:     layout_loops_ring, nicolae_ru_great_annihilating_truth, uniq_erica
D:11:     layout_small_grid, david_lair_generic, dk_vineyard_3
D:12:     layout_rooms, uniq_urug
D:13:     layout_basic, gammafunk_ghost_grave, minivault_24, uniq_rupert
D:14:     layout_cave_pools, hangedman_vaults_entry_quadrant_bands,
          serial_column_ruins, column_ruins_corridor_water,
          column_ruins_open_tiny, column_ruins_open_small,
          column_ruins_corridor_straight, column_ruins_open_large,
          dreamdust_princess_corridor
D:15:     hangedman_depths_entry_try_elsewhere_first, layout_basic,
          dk_noncrumbling_3
Temple:   hellmonk_temple_divided_pantheon
Lair:1:   layout_gridlike, enter_volcano_4, minivault_27
Lair:2:   layout_hall_layers, hellmonk_spider_entry_not_the_bees,
          gammafunk_ghost_icy
Lair:3:   layout_cave_pods, minmay_shoals_entry_centaurs,
          infiniplex_staircase_pool_2, uniq_amaemon, uniq_kirke
Lair:4:   layout_regular_city, minmay_slime_entry_pillars,
          gauntlet_entry_generic, kennysheep_basilisk_garden, grunt_megastairs_2
Lair:5:   grunt_lair_end_beastmaster, layout_gridlike
Shoals:1: layout_shoals, uniq_jorgrun, uniq_roxanne, uniq_mlioglotl
Spider:1: layout_cave_pods, portal_ice_cave_entry_frozen_things,
          hellmonk_deceptive_appearances
Orc:1:    layout_caves, uniq_fannar, uniq_snorg
Orc:2:    st_orc_mages, layout_caves, ebering_ghost_gozag, serial_shops,
          nicolae_shop_statue_plus

Skill      XL: |  1  2  3  4  5  6  7  8  9 10 11 12 13 14 15 16 |
---------------+-------------------------------------------------+-----
Fighting       | 4 5 6 7 9 10 12 13 14 15 16 | 16.5
Armour         | 4 5 6 7 9 10 12 13 14 15 | 15.0
Shields        | 4 6 7 8 9 10 11 13 15 16 | 16.1
Long Blades    | 3 4 5 6 7 9 12 14 | 14.7
Dodging        | 1 2 3 4 5 7 8 |  8.2
Maces & Flails | 1 2 4 5 |  5.7
Stealth        | 1 2 4 |  4.8
Polearms       | 4 8 10 13 14 15 16 | 16.1
Evocations     | 1 |  1.0
Invocations    | 1 2 |  2.5

Action                     |  1- 3 |  4- 6 |  7- 9 | 10-12 | 13-15 | 16-18 || total
---------------------------+-------+-------+-------+-------+-------+-------++-------
  Melee: Long sword        |    87 |    71 |       |       |       |       ||   158
         Headbutt          |     5 |    12 |    28 |    84 |   341 |   110 ||   580
         Whip              |       |    33 |    64 |       |       |       ||    97
         Trident           |       |       |   102 |   329 |   564 |    19 ||  1014
         Scimitar          |       |       |       |    24 |       |       ||    24
         Falchion          |       |       |       |       |   236 |       ||   236
         Double sword      |       |       |       |       |   490 |   350 ||   840
 Invoke: Heroism           |       |       |       |     4 |    11 |     6 ||    21
  Evoke: Wand              |       |       |     4 |       |     3 |       ||     7
    Use: Potion            |     4 |       |       |     3 |       |     1 ||     8
         Scroll            |       |     6 |     7 |     5 |    13 |     2 ||    33
   Stab: Sleeping          |       |       |       |     2 |       |       ||     2
         Paralysed         |       |       |       |     1 |       |       ||     1
         Petrified         |       |       |       |       |    11 |       ||    11
 Armour: Scale mail        |    57 |    57 |     8 |       |       |       ||   122
         Chain mail        |       |       |     8 |       |       |       ||     8
         Ring mail         |       |       |    52 |    73 |       |       ||   125
         Plate armour      |       |       |       |    67 |   954 |   249 ||  1270
  Dodge: Dodged            |    30 |    55 |   103 |   208 |   745 |   214 ||  1355
  Block: Buckler           |    23 |    23 |    61 |   112 |   170 |       ||   389
         Kite shield       |       |       |       |       |   776 |   295 ||  1071
